 Seeded DCSS version 0.29.1-4-g47bece8355 (webtiles) character file.

Game seed: 11464931942491642366 (custom seed)

11929 GigaChad the Protected (level 11, -4/85 HPs)
             Began as a Minotaur Fighter on Dec 5, 2022.
             Was a Priest of Hepliaklqana.
             Slain by a freezing wraith (19 damage)
             ... on level 10 of the Dungeon.
             The game lasted 00:18:17 (10268 turns).

GigaChad the Protected (Minotaur Fighter)          Turns: 10268, Time: 00:18:18

Health: -4/85      AC: 20    Str: 31    XL:     11   Next: 55%
Magic:  10/10      EV: 10    Int:  5    God:    Hepliaklqana [***...]
Gold:   626        SH:  6    Dex: 11    Spells: 10/10 levels left

rFire   + . .      SeeInvis .   o - +6 shillelagh "Devastator" {shatter}
rCold   x . .      Faith    .   c - +0 buckler
rNeg    . . .      Spirit   .   E - +0 plate armour
rPois   .          Reflect  .   (helmet restricted)
rElec   .          Harm     .   g - +0 cloak
rCorr   +          Rampage  .   (no gloves)
Will    .....                   r - +1 pair of boots
Stlth   ..........              (no amulet)
HPRegen 0.24/turn               v - +4 ring of slaying
MPRegen 0.12/turn               A - ring of the Fiend {Fire rCorr Str+7}

@: slowed, very slow
A: reduced essence, horns 2, retaliatory headbutt
a: Renounce Religion, Recall Ancestor, Ancestor Identity, Transference


You were on level 10 of the Dungeon.
You worshipped Hepliaklqana.
Hepliaklqana was most pleased with you.
You visited 2 branches of the dungeon, and saw 11 of its levels.

You collected 626 gold pieces.

Inventory:

Hand Weapons
 a - a +0 war axe
 o - the +6 shillelagh "Devastator" (weapon) {shatter}
   (You found it on level 2 of the Dungeon)

   It releases a powerful concussive burst when it strikes, dealing extra damage
   to the target and all other foes adjacent to them.
 C - a +0 arbalest
 J - a +1 demon whip of venom
 N - a +3 scimitar of flaming
Armour
 b - a +0 scale mail
 c - a +0 buckler (worn)
 g - a +0 cloak (worn)
 q - a +0 chain mail
 r - a +1 pair of boots (worn)
 E - a +0 plate armour (worn)
Jewellery
 v - a +4 ring of slaying (left hand)
 A - the ring of the Fiend (right hand) {Fire rCorr Str+7}
   (You took it off an orc on level 5 of the Dungeon)

   [ring of fire]

   It enhances your fire magic.
   Str:       It affects your strength (+7).
   rF:        It protects you from fire.
   rC:        It makes you vulnerable to cold.
   rCorr:     It protects you from acid and corrosion.
 G - a ring of see invisible
 K - an amulet of guardian spirit
Wands
 s - a wand of digging (18)
 z - a wand of iceblast (12)
 D - a wand of flame (26) (quivered)
Scrolls
 e - a scroll of torment {unknown}
 h - 8 scrolls of identify
 k - 10 scrolls of teleportation
 p - a scroll of fog
 u - 2 scrolls of magic mapping {unknown}
 w - a scroll of blinking {unknown}
 x - 2 scrolls of enchant weapon {unknown}
 y - 4 scrolls of poison {unknown}
 B - 3 scrolls of amnesia
 I - 2 scrolls of noise {unknown}
 L - a scroll of enchant armour {unknown}
Potions
 d - 2 potions of might
 f - 4 potions of invisibility {unknown}
 i - 4 potions of curing {unknown}
 j - 2 potions of heal wounds {unknown}
 l - a potion of cancellation {unknown}
 m - 2 potions of mutation {unknown}
 n - a potion of attraction {unknown}
 t - 2 potions of brilliance {unknown}
 F - a potion of ambrosia {unknown}
 H - 2 potions of flight {unknown}
 M - 2 potions of resistance {unknown}


   Skills:
 * Level 8.7 Fighting
 - Level 2.5(8.0) Axes
 + Level 11.8(11.9) Maces & Flails
 * Level 13.3 Armour
 * Level 7.3 Dodging
 * Level 8.5 Shields


You had 10 spell levels left.
You didn't know any spells.
Your spell library contained the following spells:

 Spells                   Type           Power      Damage    Failure   Level
 Magic Dart               Conj           0%         1d3       98%         1
 Blink                    Tloc           0%         N/A       99%         2
 Searing Ray              Conj           0%         2d4       99%         2
 Conjure Flame            Conj/Fire      0%         6-21      100%        3
 Ignite Poison            Fire/Tmut/Pois 0%         N/A       100%        3
 Fulminant Prism          Conj/Hex       0%         3d6       100%        4
 Sticky Flame             Conj/Fire      0%         2d3       100%        4
 Manifold Assault         Tloc           0%         N/A       100%        5
 Storm Form               Tmut/Air       0%         N/A       100%        7


Dungeon Overview and Level Annotations

Branches:
Dungeon (10/15)            Temple (1/1) D:5            Lair (0/5) D:8
    Orc: D:9-12

Altars:
Ashenzari
Cheibriados
Dithmenos
Elyvilon
Fedhas
Gozag
Hepliaklqana
Kikubaaqudgha
Makhleb
Nemelex Xobeh
Okawaru
Qazlal
Ru
Sif Muna
Trog
Uskayaw
Vehumet
Wu Jian
Xom
Yredelemnul
Zin
The Shining One

Shops:
D:1 [=   D:9 *[*!

Annotations:
D:10 1 runed translucent door, Harold


Innate Abilities, Weirdness & Mutations

Your life essence is reduced to manifest your ancestor. (-10% HP)
You have a pair of horns on your head.
You reflexively headbutt those who attack you in melee.


Message History

You sock the tengu warrior!
The tengu warrior shudders.
The tengu warrior is heavily wounded.
You headbutt the tengu warrior!
The tengu warrior is severely wounded.
The tengu warrior hits you with a +0 halberd!
You block the tengu warrior's attack. The tengu warrior claws you.
The freezing wraith hits you but does no damage.
The freezing wraith closely misses you.
You hit the tengu warrior.
The tengu warrior shudders.
The tengu warrior is severely wounded. x2
The tengu warrior closely misses you.
The tengu warrior pecks you but does no damage.
The tengu warrior claws you but does no damage.
You miss the tengu warrior.
The tengu warrior is severely wounded.
The freezing wraith hits you but does no damage.
The freezing wraith closely misses you.
The tengu warrior hits you with a +0 halberd.
The tengu warrior barely misses you. The tengu warrior closely misses you.
You sock the tengu warrior!
The tengu warrior shudders.
The tengu warrior is almost dead.
The freezing wraith is lightly damaged.
Your headbutt misses the tengu warrior.
The tengu warrior is almost dead.
The freezing wraith hits you but does no damage.
The freezing wraith misses you.
You sock the tengu warrior!
You kill the tengu warrior!
You block the freezing wraith's attack. x2
The freezing wraith hits you. The freezing wraith freezes you!!
You feel a terrible chill!
* * * LOW HITPOINT WARNING * * *
The freezing wraith hits you.
* * * LOW HITPOINT WARNING * * *
The freezing wraith drains your vigour!
You feel yourself slow down.
Items here: )) [[ †††.
The freezing wraith hits you.
* * * LOW HITPOINT WARNING * * *
The freezing wraith freezes you!!
You feel a terrible chill!
You die...

#.......# #.# # #......##
##.#########
##......###≈.~.~.~.≈.~
##.##...##...~.~.~.≈. T#
#..##...#~.~.~.~$~.≈ Y.# .
##).##.'#..)....~.~. ...# ...
##†####.~.~.~.~.~.~ #....
....'#W).###..~.~...~.≈. #....
#.@@..###~.~.~.~.~.~ ....
#.......##.~.≈...~.~. # ...
#.......##~.~.~.~.~.~ ##
#.......##.......~.~. .#
######.....###~.~.~.~.~.~ .##
##....##...##.....~.~.~.~.
..######...#R.######.#~.~.~.~.~.~
#...)....#R#...# #.#.....~.~.~.
...)######.#.......#.#..~...~.~.~


You could see Harold and a freezing wraith.

Vanquished Creatures
  Erica (D:9)
  A two-headed ogre (D:10)
  A tengu warrior (D:10)
  Amaemon (D:8)
  An orange demon (D:8)
  An efreet (D:10)
  2 slime creatures (D:10)
  A troll (D:10)
  Sigmund (D:5)
  A vampire (D:10)
  3 wyverns
  4 yaks (D:9)
  A wraith (D:10)
  A steam dragon (D:8)
  Menkaure (D:5)
  4 water moccasins
  4 orc warriors
  4 black bears
  An ice beast (D:5)
  2 sky beasts
  2 ogres
  4 centaurs
  3 phantoms
  A kobold brigand (D:9)
  A scorpion (D:5)
  2 gnoll sergeants
  6 wights
  4 killer bees (D:10)
  4 howler monkeys
  3 orc priests
  5 hounds
  3 jellies
  Natasha (twice) (D:3)
  An iguana (D:6)
  6 orc wizards
  10 gnolls
  5 adders
  A shadow imp (D:7)
  A white imp (D:5)
  An ufetubus (D:6)
  2 worms
  3 dart slugs
  20 orcs
  14 ball pythons
  7 bats
  5 endoplasms
  4 giant cockroaches
  5 goblins
  5 hobgoblins
  10 jackals
  5 quokkas
  10 kobolds
  6 rats
197 creatures vanquished.

Vanquished Creatures (collateral kills)
  2 two-headed ogres
  A troll (D:9)
  3 slime creatures (D:10)
  4 yaks (D:9)
  2 acid dragons (D:8)
  A wight (D:10)
  2 killer bees (D:10)
  An electric eel (D:10)
  2 orc wizards
  A gnoll (D:10)
  2 orcs (D:9)
21 creatures vanquished.

Vanquished Creatures (others)
  3 battlemagi
  2 plants (D:2)
5 creatures vanquished.

Grand Total: 223 creatures vanquished

Notes
Turn   | Place    | Note
-------+----------+-------------------------------------------
     0 | D:1      | GigaChad the Minotaur Fighter began the quest for the Orb.
     0 | D:1      | Reached XP level 1. HP: 19/19 MP: 0/0
    85 | D:1      | Reached XP level 2. HP: 26/27 MP: 1/1
   135 | D:1      | Found Ramaudgh's Armour Emporium.
   297 | D:1      | Found Huting's One-of-a-Kind Rings.
   427 | D:1      | Reached skill level 4 in Armour
   792 | D:2      | Reached XP level 3. HP: 23/33 MP: 2/2
  1215 | D:2      | Found the +6 shillelagh "Devastator" {shatter}
  1296 | D:2      | Reached skill level 1 in Maces & Flails
  1502 | D:2      | Reached XP level 4. HP: 29/40 MP: 3/3
  1503 | D:2      | Reached skill level 1 in Dodging
  1593 | D:2      | Found a faded altar of an unknown god.
  1897 | D:3      | Found a broken altar of Ashenzari.
  2554 | D:3      | Noticed Natasha
  2557 | D:3      | Killed Natasha
  2723 | D:3      | Noticed Natasha
  2729 | D:3      | Killed Natasha
  2730 | D:3      | Reached skill level 5 in Armour
  2730 | D:3      | Reached XP level 5. HP: 41/47 MP: 4/4
  2903 | D:4      | Noticed a black bear
  2908 | D:4      | Killed a black bear
  2909 | D:4      | Reached XP level 6. HP: 50/53 MP: 5/5
  2984 | D:4      | Found a burning altar of Makhleb.
  3093 | D:4      | Identified the +1 leather armour "Kytienal" {Harm rPois
                  | Int+4 Dex-2}
  3364 | D:5      | Entered Level 5 of the Dungeon
  3497 | D:5      | Noticed Menkaure
  3504 | D:5      | Killed Menkaure
  3505 | D:5      | Reached skill level 5 in Maces & Flails
  3505 | D:5      | Reached skill level 6 in Armour
  3505 | D:5      | Reached XP level 7. HP: 34/60 MP: 6/6
  3512 | D:5      | Reached skill level 5 in Fighting
  3881 | D:5      | Identified the ring of the Fiend {Fire rCorr Str+7}
  3904 | D:5      | Noticed Sigmund
  3912 | D:5      | Killed Sigmund
  3913 | D:5      | Reached skill level 5 in Shields
  3913 | D:5      | Reached XP level 8. HP: 53/68 MP: 7/7
  4038 | D:5      | Reached skill level 7 in Armour
  4279 | D:5      | Found a shadowy altar of Dithmenos.
  4398 | D:5      | Noticed an angel
  4399 | D:5      | Found a shimmering altar of Xom.
  4400 | D:5      | Found a glowing silver altar of Zin.
  4523 | D:5      | Found a staircase to the Ecumenical Temple.
  4536 | Temple   | Entered the Ecumenical Temple
  4729 | Temple   | Became a worshipper of Hepliaklqana the Forgotten
  5118 | D:6      | Reached skill level 8 in Armour
  5243 | D:6      | Reached XP level 9. HP: 75/75 MP: 8/8
  5951 | D:7      | Reached * piety under Hepliaklqana
  6070 | D:7      | Reached skill level 9 in Armour
  6695 | D:8      | Found a staircase to the Lair.
  6871 | D:8      | Reached skill level 5 in Dodging
  7230 | D:8      | Reached ** piety under Hepliaklqana
  7231 | D:8      | Remembered your ancestor Rtas'Vadum as a battlemage
  7240 | D:8      | Noticed Amaemon
  7240 | D:8      | Noticed an orange demon
  7249 | D:8      | Killed Amaemon
  7250 | D:8      | Reached skill level 10 in Maces & Flails
  7250 | D:8      | Reached skill level 10 in Armour
  7253 | D:8      | Killed an orange demon
  7254 | D:8      | Reached XP level 10. HP: 27/75 MP: 9/9
  7967 | D:9      | Found Sisetas's Assorted Antiques.
  8135 | D:9      | Found Ohein's Distillery.
  8170 | D:9      | Reached skill level 11 in Armour
  8334 | D:9      | Found Qeygokhe's Antique Armour Shoppe.
  8406 | D:9      | Noticed a two-headed ogre
  8411 | D:9      | Killed a two-headed ogre
  8555 | D:9      | Noticed Erica
  8561 | D:9      | Killed Erica
  8562 | D:9      | Reached skill level 12 in Armour
  8756 | D:9      | Found Itweufuck's Assorted Antiques.
  8908 | D:10     | Entered Level 10 of the Dungeon
  8996 | D:10     | Reached XP level 11. HP: 82/82 MP: 10/10
  9448 | D:10     | Found a runed translucent door.
  9552 | D:10     | Reached *** piety under Hepliaklqana
 10006 | D:10     | Found a runed translucent door.
 10039 | D:10     | Noticed a two-headed ogre
 10039 | D:10     | Noticed a two-headed ogre
 10071 | D:10     | Killed a two-headed ogre
 10219 | D:10     | Killed a two-headed ogre
 10220 | D:10     | Reached skill level 13 in Armour
 10246 | D:10     | Noticed a tengu warrior
 10255 | D:10     | Noticed Harold
 10266 | D:10     | Killed a tengu warrior
 10268 | D:10     | Slain by a freezing wraith

Illustrated notes

Levels and vault maps discovered:
D:1:      amcnicky_arrival_choice, layout_basic, serial_shops,
          nicolae_shop_behind_doors, nicolae_shop_unique_rings,
          minmay_misc_feat_secret_circle
D:2:      layout_basic, basic_ecumenical_altar, corexii_shack,
          minmay_pentomino_r4
D:3:      layout_loops_ring, amcnicky_altar_gilded, kennysheep_generic_room_10,
          uniq_natasha
D:4:      layout_gridville, mainiacjoe_overflow_catwalk
D:5:      layout_cave_pools, grunt_temple_overflow_order_and_chaos_1,
          mainiacjoe_overflow_chevrons, minmay_temple_entry_poolview,
          uniq_sigmund, uniq_menkaure
D:6:      wander_river, layout_basic
D:7:      layout_loops_corners, st_stairs_9
D:8:      layout_loops_corners, lair_entry_dummy, supply_closet_lemuel,
          uniq_amaemon
D:9:      layout_loops_corners, serial_shops, shop, nicolae_shop_crystal,
          nicolae_stop_n_shop_2, shop, uniq_erica
D:10:     cheibrodos_histonic, layout_basic, uniq_harold
Temple:   bh_familiar_temple

Skill      XL: |  1  2  3  4  5  6  7  8  9 10 11 |
---------------+----------------------------------+-----
Shields        | 4 5 6 7 8 |  8.5
Fighting       | 4 5 6 7 8 |  8.7
Armour         | 4 5 6 8 10 12 13 | 13.3
Maces & Flails | 1 2 3 5 6 8 10 11 | 11.8
Dodging        | 1 2 3 4 5 6 7 |  7.3
Axes           | |  2.5

Action                   |  1- 3 |  4- 6 |  7- 9 | 10-12 || total
-------------------------+-------+-------+-------+-------++-------
Melee: War axe           |    60 |       |       |       ||    60
       Headbutt          |     8 |     3 |    16 |    22 ||    49
       Shillelagh        |    10 |    63 |    98 |   102 ||   273
Invok: Ancestor Life: Ba |       |       |     1 |       ||     1
       Ancestor Identity |       |       |     1 |       ||     1
  Use: Scroll            |       |     3 |     1 |     1 ||     5
 Stab: Distracted        |       |       |       |     1 ||     1
Armor: Scale mail        |    43 |     1 |       |       ||    44
       Chain mail        |       |    30 |    36 |       ||    66
       Plate armour      |       |       |    24 |    65 ||    89
Dodge: Dodged            |    35 |    23 |    49 |    44 ||   151
Block: Buckler           |    16 |    12 |    23 |    36 ||    87
